Map: Blackpink LE

Players

axu - Winner!

  • Race: Protoss Protoss
  • League: Platinum
  • Spawn Location: 1:00

SlizrS

  • Race: Zerg Zerg
  • League: Platinum
  • Spawn Location: 7:00

VOD

Have the link to the VOD?

Description

Time

  • Played on: April 1, 2018, 9:47 a.m.
  • Length: 16:04
Show
View Real Time Build Order
Export as new Build Order

axu Protoss - Winner!

Build Orders: 1 Gate Expand 

Get SALT Encoding   

  12  0:01  Probe  
  13  0:14  Probe  
  13  0:20  Pylon  
  14  0:26  Probe  
  15  0:39  Probe  
  15  0:41  Gateway  
  16  0:51  Probe (Chrono Boost)  
  16  0:54  Assimilator  
  17  1:03  Probe (Chrono Boost)  
  18  1:09  Probe (Chrono Boost)  
  19  1:17  Probe  
  20  1:29  Nexus, Probe (Chrono Boost)  
  22  1:41  Probe (Chrono Boost)  
  22  1:43  Cybernetics Core  
  22  1:55  Probe  
  23  2:15  Pylon  
  23  2:18  Assimilator  
  23  2:24  Warp Gate  
  23  2:30  Gateway  
  23  2:33  Adept, Probe  
  26  2:46  Probe  
  26  2:47  Probe  
  28  2:58  Probe  
  29  2:59  Probe  
  29  3:01  Adept  
  32  3:09  Pylon  
  32  3:10  Probe  
  32  3:11  Probe  
  34  3:13  Robotics Facility  
  34  3:19  Adept  
  36  3:23  Probe x2 (Chrono Boost)  
  38  3:34  Twilight Council, Probe x2 (Chrono Boost)  
  40  3:59  Adept x2  
  40  4:00  Probe x2  
  40  4:01  Immortal  
  50  4:08  Assimilator  
  50  4:12  Assimilator, Probe x2  
  52  4:19  Charge (Chrono Boost)  
  52  4:20  Pylon  
  52  4:24  Probe x2  
  52  4:25  Pylon  
  50  4:52  Immortal  
  54  4:59  Probe x2  
  54  5:10  Gateway  
  54  5:11  Gateway, Probe x2  
  54  5:13  Gateway  
  56  5:14  Gateway  
  56  5:23  Forge  
  56  5:24  Forge  
  56  5:26  Nexus  
  56  5:37  Sentry x2  
  56  5:40  Probe x2 (Chrono Boost)  
  64  5:50  Probe x2 (Chrono Boost)  
  64  5:52  Pylon  
  64  5:55  Pylon  
  64  5:57  Pylon  
  64  5:58  Pylon  
  64  6:00  Pylon  
  64  6:16  Immortal (Chrono Boost)  
  68  6:19  Zealot x2  
  68  6:25  Templar Archives  
  72  6:26  Adept x4  
  80  6:34  Probe x2  
  80  6:38  Protoss Ground Armor Level 1 (Chrono Boost), Protoss Ground Weapons Level 1 (Chrono Boost)  
  82  6:45  Zealot x2  
  82  6:46  Probe x2  
  88  6:50  Probe  
  88  6:52  Observer (Chrono Boost)  
  90  6:58  Probe x2  
  92  7:02  Stalker x3  
  92  7:05  Probe  
  99  7:10  Probe x2  
  99  7:11  Observer  
  102  7:29  Stalker x2  
  106  7:30  Stalker x2  
  106  7:35  Shield Battery  
  106  7:36  Shield Battery  
  110  7:42  Shield Battery  
  110  7:45  Stalker  
  110  7:46  Stalker  
  110  7:47  Observer (Chrono Boost)  
  115  7:56  High Templar  
  115  7:57  High Templar x3  
  120  8:00  Immortal (Chrono Boost)  
  120  8:04  Assimilator, Probe  
  125  8:08  Archon x2  
  125  8:14  Pylon  
  125  8:15  Pylon  
  125  8:18  Assimilator, Pylon  
  125  8:22  Pylon  
  125  8:32  Probe x3  
  122  8:43  High Templar x3  
  122  8:44  Probe x3  
  122  8:47  Zealot x3  
  135  8:56  Psionic Storm, Probe x2  
  137  9:10  Probe x3  
  136  9:22  Probe x2  
  136  9:23  Nexus  
  138  9:24  Zealot x2  
  138  9:25  Zealot x4  
  138  9:26  Immortal, Pylon  
  138  9:28  Pylon  
  138  9:30  Pylon  
  132  10:06  Immortal  
  132  10:08  High Templar x4  
  132  10:09  High Templar x2  
  132  10:12  Archon x2  
  132  10:13  Archon  
  144  10:18  Assimilator, Protoss Ground Weapons Level 2 (Chrono Boost)  
  144  10:22  Protoss Ground Armor Level 2 (Chrono Boost)  
  144  10:23  Assimilator  
  144  10:25  Shield Battery  
  144  10:28  Shield Battery  
  144  10:30  Gateway, Shield Battery  
  144  10:32  Gateway, Shield Battery  
  144  10:37  Gateway  
  144  10:42  Warp Prism (Chrono Boost)  
  144  10:46  Gateway  
  146  10:52  Zealot x6  
  146  10:55  Probe  
  146  10:56  Probe x3  
  162  11:07  Probe  
  162  11:08  Probe  
  168  11:18  Immortal  
  168  11:23  Blink  
  168  11:49  Zealot x2  
  168  11:50  Zealot x6  
  149  12:42  Pylon  
  149  12:44  Pylon  
  121  12:45  Pylon  
  121  12:46  Pylon  
  121  12:48  Pylon  
  121  12:49  Zealot x3  
  121  12:50  Zealot x6  
  133  13:00  Immortal (Chrono Boost)  
  137  13:08  High Templar  
  137  13:10  High Templar x6  
  137  13:11  High Templar x3  
  157  13:20  Archon  
  157  13:21  Archon  
  157  13:24  Archon  
  157  13:31  Immortal (Chrono Boost)  
  133  14:01  Zealot x5  
  133  14:02  Zealot x5  
  146  14:08  Immortal  
  124  14:39  Zealot  
  124  14:40  Zealot x6  
  124  14:41  Zealot x3  
  128  14:48  Immortal  
  126  14:57  Pylon  
  118  15:00  Pylon  
  118  15:03  Pylon  
  118  15:05  Zealot  
  118  15:06  Zealot x5  
  124  15:07  Zealot x4, Nexus  
  124  15:08  Pylon  
  124  15:10  Pylon  
  124  15:13  Pylon  
  130  15:27  High Templar x5  
  130  15:28  High Templar x5  
  146  15:33  Archon x3  
Show
View Real Time Build Order
Export as new Build Order

SlizrS Zerg 

Build Orders: Hatch First, Lurkers 

Get SALT Encoding   

  12  0:01  Drone  
  13  0:13  Overlord  
  13  0:18  Drone  
  14  0:31  Drone  
  14  0:32  Drone  
  16  0:51  Hatchery  
  16  0:53  Drone  
  16  1:08  Spawning Pool  
  16  1:11  Drone  
  16  1:15  Extractor  
  16  1:16  Drone  
  16  1:20  Drone  
  17  1:44  Drone x2  
  19  1:48  Overlord  
  19  1:55  Queen  
  19  1:57  Zergling x2  
  22  2:03  Drone  
  22  2:06  Drone  
  24  2:16  Metabolic Boost  
  24  2:22  Spine Crawler  
  23  2:24  Drone x2  
  25  2:41  Drone  
  25  2:42  Drone x3  
  29  2:47  Queen  
  29  2:48  Queen  
  29  2:51  Drone  
  34  2:53  Drone  
  35  3:03  Drone  
  36  3:16  Hatchery  
  36  3:18  Overlord  
  36  3:27  Drone  
  36  3:36  Drone x6  
  42  3:42  Queen  
  42  3:48  Roach Warren  
  43  3:53  Evolution Chamber  
  43  3:55  Evolution Chamber  
  41  3:58  Zergling x4  
  43  4:08  Extractor  
  42  4:11  Extractor  
  31  4:53  Zerg Missile Weapons Level 1  
  31  4:54  Zerg Ground Armor Level 1  
  31  4:56  Lair  
  29  5:03  Drone x3  
  29  5:05  Drone x3  
  35  5:07  Drone x3  
  35  5:08  Drone x8  
  46  5:15  Roach  
  46  5:19  Overlord x4  
  50  5:43  Roach x6  
  50  5:44  Roach  
  62  5:56  Hydralisk Den  
  61  6:01  Drone x4  
  61  6:02  Drone x5  
  61  6:03  Extractor  
  69  6:16  Zergling x2  
  69  6:17  Zergling x8  
  74  6:34  Hydralisk  
  74  6:35  Hydralisk x2  
  74  6:37  Overlord x3  
  74  6:38  Overlord  
  80  6:40  Grooved Spines  
  80  6:47  Glial Reconstitution  
  80  6:51  Zerg Missile Weapons Level 2  
  80  7:01  Spore Crawler  
  79  7:13  Hydralisk x4  
  79  7:14  Hydralisk  
  89  7:26  Drone  
  89  7:27  Drone x10  
  100  7:35  Hydralisk  
  100  7:36  Hydralisk  
  104  7:52  Muscular Augments, Extractor  
  103  7:58  Drone  
  103  7:59  Drone, Extractor  
  103  8:00  Drone  
  103  8:03  Overlord x7  
  105  8:08  Zerg Ground Armor Level 2  
  105  8:25  Lurker Den  
  95  8:40  Roach x14  
  95  8:41  Roach  
  103  9:00  Roach x6  
  115  9:21  Roach  
  115  9:22  Roach x7  
  119  9:39  Zergling x2  
  119  9:40  Zergling x16  
  100  10:17  Drone  
  101  10:33  Lurker x2  
  103  10:37  Hydralisk x5  
  103  10:38  Hydralisk x7  
  127  10:53  Hatchery  
  126  11:04  Hatchery  
  125  11:06  Roach x5  
  135  11:29  Hydralisk  
  135  11:30  Hydralisk x5  
  147  11:37  Infestation Pit  
  147  11:39  Zerg Melee Weapons Level 1  
  129  12:12  Lurker  
  83  12:49  Roach x11  
  83  12:50  Roach x12  
  125  12:52  Lurker  
  125  12:56  Lurker x2  
  125  12:57  Lurker x2  
  131  13:05  Drone  
  131  13:06  Drone x5  
  51  14:10  Roach x6  
  51  14:11  Roach x14  
  79  14:24  Hive  
  69  14:50  Drone  
  69  14:52  Drone x5  
  71  14:53  Drone x5  
  70  15:11  Roach x2  
  74  15:31  Spire  
  73  15:42  Extractor x2  
Tags
 
Add a new tag
Caveats
  • Supply blocks, unpowered buildings, or Contaminate may cause inaccurate times.
  • Supply counts are checked every 10 seconds.